[Event "Late-Titled-Tuesday-Blitz-January-16-2024"]
[Site "Chess.com"]
[Date "2024.01.16"]
[Round "9"]
[White "Arifarsky"]
[Black "maximnovik"]
[Result "0-1"]
[WhiteElo "2707"]
[BlackElo "2567"]
[TimeControl "180+1"]
[EndTime "15:47:03 PST"]
[Termination "maximnovik won by resignation"]

1. Nf3 Nf6 2. d4 g6 3. c4 Bg7 4. g3 c6 5. Bg2 d5 6. O-O O-O 7. Nc3 dxc4 8. a4 Na6 9. a5 Ne8 10. Qa4 Nd6 11. e4 Nc7 12. Be3 Bd7 13. Ne5 Be6 14. f4 f6 15. Nf3 f5 16. e5 Ndb5 17.
Ng5 Nxc3 18. bxc3 Bd5 19. Nf3 b5 20. Qa3 a6 21. h4 Qd7 22. h5 gxh5 23. Kf2 Be4 24.
Rh1 Qe8 25. Rh4 Nd5 26. Rah1 Rb8 27. Bd2 e6 28. Rxh5 h6 29. Qc5 Rf7 30. Ne1 Bf8 31. Rxh6 Bxh6 32. Rxh6 Qf8 33. Rxe6 Qxc5 34. dxc5 Bxg2 35.
Nxg2 b4 36. cxb4 c3 37. Bc1 Rxb4 38. Ne3 Rb1 39. Nxd5 cxd5 40. Be3 c2 41. Rxa6 c1=Q 42. Bxc1 Rxc1 43. Rc6 d4 44. Ke2 Rc3 45. e6 Rh7 46. Rc8+ Kg7 47. e7 Rh2+ 48. Kd1 Ra3 49. Rb8 Ra1+ 0-1

[Event "Late-Titled-Tuesday-Blitz-January-16-2024"]
[Site "Chess.com"]
[Date "2024.01.16"]
[Round "9"]
[White "pr1105"]
[Black "cristiancamilosoto"]
[Result "0-1"]
[WhiteElo "2271"]
[BlackElo "2403"]
[TimeControl "180+1"]
[EndTime "15:47:06 PST"]
[Termination "cristiancamilosoto won on time"]

1. e4 c5 2. Nf3 e6 3. d4 cxd4 4. Nxd4 Nf6 5. Nc3 Nc6 6. g3 Bb4 7. Bg2 d5 8. exd5 exd5 9. O-O O-O 10. Bg5 Bxc3 11. bxc3 h6 12. Bxf6 Qxf6 13. Bxd5 Nxd4 14.
cxd4 Rd8 15. c4 Be6 16. Qb3 Bxd5 17. cxd5 Rab8 18. Rac1 Rd7 19. Rfd1 Rbd8 20. Rc5 b6 21. Rb5 Rd6 22. a4 Qf5 23. a5 Rxd5 24. Rxd5 Qxd5 25.
Qxd5 Rxd5 26. axb6 axb6 27. Rb1 b5 28. Rb4 f5 29. f4 Kf7 30. Kf2 Ke6 31. Ke3 Kd6 32.
Rb3 Kc6 33. Rc3+ Kb6 34. Rc8 Rd7 35. Kd3 Ra7 36. d5 Ra3+ 37. Kd4 Ra2 38. d6 b4 39. Kd5 Kb7 40. Rc4 Rd2+ 41. Ke6 b3 42. d7 b2 43. Rb4+ Kc7 44. Rxb2 Rd6+ 45. Kxf5 Rxd7 46. h4 Rd6 47. Ra2 Rf6+ 48. Ke5 Rg6 49. Ra3 Kd7 50. h5 Re6+ 51. Kf5 Rf6+ 52. Kg4 Ke7 53. Ra7+ Kf8 54. Rb7 Kg8 55. Kf3 Ra6 56. Rc7 Ra4 57. Kg4 Ra5 58.
Rc6 Ra4 59. Re6 Ra5 60. Re5 Ra3 61. Re4 Rb3 62. Kh4 Kh7 63. g4 Rb1 64. g5 Rh1+ 65.
Kg4 Rg1+ 66. Kf5 hxg5 67. fxg5 Rh1 68. h6 gxh6 69. Re7+ Kg8 70. Kg6 Kf8 71. Rf7+ Ke8 72. Rh7 h5 73. Ra7 h4 0-1

[Event "Late-Titled-Tuesday-Blitz-January-16-2024"]
[Site "Chess.com"]
[Date "2024.01.16"]
[Round "9"]
[White "VladimirKramnik"]
[Black "Jospem"]
[Result "0-1"]
[WhiteElo "2919"]
[BlackElo "3094"]
[TimeControl "180+1"]
[EndTime "15:47:09 PST"]
[Termination "Jospem won on time"]

1. e4 c5 2. Nf3 d6 3. d4 cxd4 4. Nxd4 a6 5. c4 e6 6. Nc3 Nf6 7. Be2 Be7 8. Be3 b6 9. O-O Bb7 10. f3 Nbd7 11. a4 Qb8 12. a5 bxa5 13. Nb3 O-O 14.
Nxa5 Rc8 15. b4 Ne5 16. Qb3 Qc7 17. Rfc1 Rcb8 18. Qd1 Nfd7 19. b5 Nc5 20. f4 Ned7 21. Bf3 e5 22. Nxb7 Qxb7 23. Nd5 Bf8 24. Rab1 a5 25.
f5 a4 26. Rc2 Nb6 27. Bxc5 dxc5 28. f6 g6 29. Qe2 Nxd5 30. exd5 Bd6 31. Be4 Qd7 32.
Rf1 Rb6 33. Ra2 Qd8 34. Ra3 Bf8 35. Qf3 Bh6 36. h4 Bf4 37. g3 Rxf6 38. gxf4 Rxf4 39.
Qg2 Qxh4 40. Rxf4 Qxf4 41. Ra1 Qe3+ 42. Kh1 a3 43. d6 Rd8 44. b6 Rxd6 45. b7 Rb6 46.
Bd5 Kg7 47. Qf3 Qd4 48. Qxf7+ Kh6 49. Qf8+ Kh5 50. Qf3+ Kh4 51. Rg1 Qf4 52. Qxf4+ exf4 53. Ra1 Rb3 54. Rxa3 Rb1+ 55. Kg2 g5 56. Kf3 Rb2 57. Ke4 g4 0-1

[Event "Late-Titled-Tuesday-Blitz-January-16-2024"]
[Site "Chess.com"]
[Date "2024.01.16"]
[Round "9"]
[White "SchmakAttack"]
[Black "jcibarra"]
[Result "0-1"]
[WhiteElo "2741"]
[BlackElo "2879"]
[TimeControl "180+1"]
[EndTime "15:47:09 PST"]
[Termination "jcibarra won on time"]

1. Nf3 Nf6 2. b3 d6 3. Bb2 e5 4.
g3 g6 5. c4 Bg7 6. Nc3 O-O 7.
Bg2 c5 8. O-O Nc6 9. Ne1 Be6 10.
Nd5 Rb8 11. Nc2 Nd4 12. Nxf6+ Qxf6 13. Ne3 b5 14. Nd5 Qd8 15. e3 Nf5 16. d3 Ne7 17.
Rc1 Nxd5 18. cxd5 Bd7 19. d4 exd4 20. exd4 c4 21. Qd2 cxb3 22. axb3 a5 23. Qf4 Qf6 24. Qxf6 Bxf6 25. Rc7 Bf5 26. Rc6 Rfd8 27. Bc3 b4 28. Bb2 Rd7 29. Rfc1 Kg7 30. Ra6 Bd8 31. Bf3 Bd3 32. Rac6 Bb5 33. Rc8 Rxc8 34. Rxc8 a4 35. bxa4 Bxa4 36. Rb8 b3 37. Ra8 Bb5 38. Rb8 Bc4 39.
Rb4 Rc7 40. Be4 Bg5 41. f4 Bf6 42. Kf2 Bxd5 43. Bxd5 Rc2+ 44. Kf3 Rxb2 45. Rb7 Bxd4 46. Rxf7+ Kh6 47. Rb7 Rf2+ 48. Kg4 b2 49. Bg8 Bg7 50.
h4 Rf1 51. Ba2 Ra1 52. Kh3 Rxa2 53. g4 Ra1 54. h5 gxh5 55. g5+ Kg6 0-1

[Event "Late-Titled-Tuesday-Blitz-January-16-2024"]
[Site "Chess.com"]
[Date "2024.01.16"]
[Round "9"]
[White "Chessbard1972"]
[Black "Incognito_Knight"]
[Result "0-1"]
[WhiteElo "2445"]
[BlackElo "2757"]
[TimeControl "180+1"]
[EndTime "15:47:09 PST"]
[Termination "Incognito_Knight won on time"]

1. d4 Nf6 2. c4 e6 3. Nf3 d5 4.
Nc3 a6 5. cxd5 exd5 6. Bg5 Be6 7. e3 Nbd7 8. Qc2 Bd6 9. Bd3 c6 10. h3 Qc7 11. O-O-O h6 12. Bxf6 Nxf6 13. Kb1 O-O-O 14. Nd2 Kb8 15. Na4 Qa5 16. Rc1 Bc8 17. a3 Rhe8 18.
Nc5 Bxc5 19. Nb3 Qa4 20. Nxc5 Qxc2+ 21. Rxc2 h5 22. Rhc1 h4 23. b4 Kc7 24. a4 Kd6 25. b5 axb5 26. axb5 Rh8 27. bxc6 bxc6 28. Nb3 Bd7 29. Rb2 Rb8 30. Rcc2 Rh5 31. Nc5 Rxb2+ 32. Rxb2 Bf5 33. Bxf5 Rxf5 34. Nd3 Ne4 35. Kc1 Rg5 36. f3 Nc3 37. Rc2 f6 38. Rxc3 Rxg2 39. Nb4 Rg3 40. Rxc6+ Kd7 41. Rc5 Rxf3 42. Rxd5+ Ke6 43. Kd2 Rxh3 44.
Rh5 g5 45. e4 g4 46. Nd3 Rh2+ 47. Kc3 h3 48. Nf4+ Kd6 49. Rh6 Rf2 50. Rxf6+ Kd7 51.
e5 h2 52. Rh6 g3 53. Kd3 Rxf4 54.
Ke3 Rf1 55. d5 h1=Q 0-1

[Event "Late-Titled-Tuesday-Blitz-January-16-2024"]
[Site "Chess.com"]
[Date "2024.01.16"]
[Round "9"]
[White "IranianCheetah"]
[Black "TheMagician"]
[Result "1-0"]
[WhiteElo "2365"]
[BlackElo "2170"]
[TimeControl "180+1"]
[EndTime "15:47:12 PST"]
[Termination "IranianCheetah won by checkmate"]

1. e4 d5 2. exd5 Qxd5 3. Nc3 Qd8 4. d4 Nf6 5. Nf3 Bg4 6. h3 Bxf3 7. Qxf3 c6 8. Be3 Nd5 9. Nxd5 cxd5 10. c4 e6 11.
cxd5 Qxd5 12. Qxd5 Bb4+ 13. Bd2 Bxd2+ 14. Kxd2 exd5 15. Bb5+ Ke7 16. Rac1 Kd6 17. Rc3 Nc6 18. Bxc6 bxc6 19. Rhc1 Rac8 20. Ra3 Rc7 21. Rc5 Rb8 22.
b3 Re8 23. Ra6 Re4 24. Kd3 Re1 25. Rca5 Rd1+ 26. Kc3 Rf1 27. f3 Rf2 28. Rxa7 Rxg2 29. a4 f5 30. Rxc7 Kxc7 31. Ra7+ Kb6 32. Rf7 g6 33.
Rxh7 Rg3 34. Kb4 Rxf3 35. a5+ Ka6 36. Rc7 Rxh3 37. Rxc6+ Ka7 38. Rxg6 f4 39. Rf6 f3 40. Kb5 f2 41. Rf7+ Ka8 42. b4 Rh2 43. a6 Kb8 44. Ka5 Rh4 45. Rxf2 Rxd4 46. b5 Re4 47. Rf8+ Kc7 48.
a7 Kd6 49. a8=Q Kc5 50. Qc8+ Kd4 51. Re8 Kd3 52. Rxe4 dxe4 53. Kb4 e3 54. Qc4+ Kd2 55. Qc3+ Ke2 56. Kc4 Kf2 57. Kd3 e2 58. Qc2 Kf3 59. Qxe2+ Kf4 60. Qe4+ Kg5 61. Qf3 Kg6 62. Ke4 Kg5 63.
Qf5+ Kh4 64. Qg6 Kh3 65. Kf3 Kh2 66. Qg2# 1-0

[Event "Late-Titled-Tuesday-Blitz-January-16-2024"]
[Site "Chess.com"]
[Date "2024.01.16"]
[Round "9"]
[White "Walter_White_Poland"]
[Black "StellarChess"]
[Result "1-0"]
[WhiteElo "2351"]
[BlackElo "2547"]
[TimeControl "180+1"]
[EndTime "15:47:14 PST"]
[Termination "Walter_White_Poland won by resignation"]

1. e4 Nc6 2. Nf3 e5 3. Bb5 Nf6 4. O-O Nxe4 5. d4 Nd6 6. Bg5 f6 7. dxe5 Nxb5 8. exf6 gxf6 9. Bf4 Be7 10. Re1 Nd6 11.
Bxd6 cxd6 12. Nh4 O-O 13. Nf5 Kh8 14. Nc3 Rf7 15. Qh5 Qf8 16. Nd5 b6 17. Re3 Ba6 18. Rae1 Bc4 19. Ndxe7 Nxe7 20. Rxe7 Qg8 21. Nxd6 Rxe7 22. Rxe7 Be6 23. Nf7+ Bxf7 24. Qxf7 Qxf7 25. Rxf7 Re8 26. g4 Re2 27. Rxd7 Rxc2 28. Rxa7 Rxb2 29. Kg2 Rb4 30. Kg3 Kg8 31. h4 h6 32. h5 Rc4 33. f3 Rc2 34. a4 Rc5 35. Kf4 Rd5 36. Rb7 Ra5 37. Rxb6 Rxa4+ 38. Kf5 Kg7 39. Rb7+ Kf8 40.
Kxf6 Rf4+ 41. Kg6 Rxf3 42. Kxh6 Rf6+ 43. Kg5 Ra6 44. Kh4 Kg8 45. Kg5 Kh8 46. Kh4 Kg8 47.
g5 Kh8 48. h6 Kg8 49. Kh5 Ra1 50. g6 Ra5+ 51. Kg4 Ra4+ 52. Kf5 Ra5+ 53. Kf4 Ra4+ 54. Ke5 Ra5+ 55. Kf6 Ra6+ 56. Kf5 Ra5+ 57. Ke4 Ra4+ 58. Kd3 Ra3+ 59. Kd4 Ra4+ 60. Kc5 Ra5+ 61. Kc6 Ra6+ 62. Rb6 Ra8 63. Kc7 Rf8 64. Rb8 Rxb8 65. Kxb8 Kf8 66. Kc7 Kg8 67. Kd6 Kh8 68. Ke6 Kg8 69. Kf6 Kh8 70.
Ke7 Kg8 71. g7 Kh7 72. Kf7 Kxh6 73. g8=Q 1-0

[Event "Late-Titled-Tuesday-Blitz-January-16-2024"]
[Site "Chess.com"]
[Date "2024.01.16"]
[Round "9"]
[White "nindjaxx8"]
[Black "Balla_Tamas"]
[Result "1-0"]
[WhiteElo "2564"]
[BlackElo "2448"]
[TimeControl "180+1"]
[EndTime "15:47:15 PST"]
[Termination "nindjaxx8 won by resignation"]

1. d4 d5 2. c4 e6 3. Nc3 c5 4. e3 Nc6 5. Nf3 Nf6 6. cxd5 exd5 7. Be2 Bd6 8. dxc5 Bxc5 9. O-O O-O 10. a3 Bg4 11. b4 Bd6 12. Bb2 a6 13. h3 Bh5 14.
Nd4 Bxe2 15. Ncxe2 Ne5 16. Nf5 Bc7 17. Nf4 Nc4 18.
Bxf6 Qxf6 19. Qxd5 Nb6 20. Qc5 Bxf4 21. exf4 Kh8 22.
Ng3 Rac8 23. Qg5 Qb2 24. Rae1 h6 25. Qg4 Nc4 26. Nf5 Qf6 27. Ng3 Nd2 28. f5 Nxf1 29. Nh5 Qg5 30. Rxf1 Qxg4 31. hxg4 Rc3 32. Rd1 Rxa3 33.
Rd7 Rb3 34. Rxb7 a5 35. Ra7 axb4 36. Rb7 Rb1+ 37. Kh2 b3 38. f4 b2 39. g5 hxg5 40. fxg5 Rc8 41. g6 fxg6 42. fxg6 Rh1+ 43. Kxh1 Rc1+ 44. Kh2 b1=Q 45. Rxb1 Rxb1 46. Nf4 Rf1 47.
Kg3 Kg8 48. Kg4 Kf8 49. Ne6+ Kg8 50. Nf4 Ra1 51. Kg5 Ra5+ 52. Kg4 Ra6 53. Kf5 Rf6+ 54.
Kg5 Kf8 55. g4 Ke7 56. Nd5+ Ke6 57. Nxf6 gxf6+ 58. Kh6 Ke5 59. g7 f5 60. gxf5 Kxf5 61. g8=Q Ke4 62. Qf7 Kd3 63. Qe6 1-0

[Event "Late-Titled-Tuesday-Blitz-January-16-2024"]
[Site "Chess.com"]
[Date "2024.01.16"]
[Round "9"]
[White "TangerineandLemon25"]
[Black "dretch"]
[Result "0-1"]
[WhiteElo "2619"]
[BlackElo "2792"]
[TimeControl "180+1"]
[EndTime "15:47:16 PST"]
[Termination "dretch won by resignation"]

1. e4 h5 2. d4 g6 3. Nf3 Bg7 4. Bd3 c5 5. c3 d6 6. O-O Bg4 7. Be3 cxd4 8. cxd4 Nc6 9. Bb5 a6 10. Be2 Nf6 11. Nc3 O-O 12. Qd2 d5 13. exd5 Nxd5 14. h3 Bf5 15. Bh6 Qd6 16. Bxg7 Kxg7 17. Rad1 Rad8 18.
Rfe1 Rfe8 19. Bc4 Nxc3 20. bxc3 e5 21. Qb2 b5 22. Bb3 Qf6 23. d5 Na5 24. Qa3 Nxb3 25. axb3 Bxh3 26. Nh2 Qg5 27. g3 e4 28. Qxa6 h4 29. Re3 Rxd5 30. Rde1 Rd2 31. Qa1 Qf6 32.
c4 Qxa1 33. Rxa1 bxc4 34. bxc4 hxg3 35. Rxg3 Be6 36. Rc3 Rc8 37. c5 Rd5 38. Rac1 Rg5+ 39.
Kf1 Rh5 40. Kg2 Rch8 41. Nf1 Rg5+ 42. Ng3 Bh3+ 43. Kg1 Bg4 44. Kg2 Bf3+ 45. Rxf3 exf3+ 46. Kxf3 Rc8 47. Ne4 Rf5+ 48. Ke3 Re8 49. Kd4 Rf4 50. f3 f5 51. c6 fxe4 52. c7 exf3+ 53. Kd5 Rff8 54.
Kd6 f2 55. Kd7 Rc8 56. Rf1 g5 57. Rc1 g4 58. Rc4 f1=Q 59. Rxg4+ Kh6 60. Rh4+ Kg5 61. Rd4 Qf7+ 62. Kc6 Qxc7+ 63. Kd5 Rcd8+ 64. Ke4 Rfe8+ 65. Kd3 Rxd4+ 66. Kxd4 Qd6+ 67. Kc3 Rc8+ 68. Kb3 Qb6+ 0-1

[Event "Late-Titled-Tuesday-Blitz-January-16-2024"]
[Site "Chess.com"]
[Date "2024.01.16"]
[Round "9"]
[White "thesupera12"]
[Black "Gryffindorac8"]
[Result "0-1"]
[WhiteElo "2513"]
[BlackElo "2402"]
[TimeControl "180+1"]
[EndTime "15:47:16 PST"]
[Termination "Gryffindorac8 won by resignation"]

1. d4 Nf6 2. Bg5 d5 3. Bxf6 exf6 4. e3 Bd6 5. c4 dxc4 6. Nc3 O-O 7. Bxc4 f5 8. Nge2 Nd7 9. O-O Nf6 10. Rc1 c6 11.
Qc2 Bxh2+ 12. Kxh2 Ng4+ 13. Kg3 Qg5 14. f4 Qg6 15.
Kf3 Re8 16. Nd1 Be6 17. Bxe6 Rxe6 18. Ng3 Rae8 19. Nxf5 Qh5 20. Kg3 Rg6 21. Nh4 Nxe3+ 22. Nxg6 Nxc2 23. Ne5 Nxd4 24. Nc3 f6 25. Nf3 Nxf3 26.
Rxf3 Qg6+ 27. Kf2 h5 28. Rd1 Qf5 29. Kg1 Qc2 30. Rf2 Qf5 31. Ne2 b5 32. Nd4 Qd5 33. Rfd2 Re4 34. Nf3 Qc5+ 35. Kh2 Rxf4 36. Rd7 Rg4 37.
R1d2 Qe3 38. R7d4 Rxd4 39. Rxd4 c5 40. Rd7 Qf4+ 41. Kg1 c4 42. Re7 b4 43. Re8+ Kh7 44. Rc8 Qe3+ 45. Kh2 c3 46. bxc3 bxc3 47. Rc4 Qd3 48. Rc7 c2 49. Rc8 Qd1 50. Nh4 c1=Q 51. Rxc1 Qxc1 52. Nf3 Qf4+ 53. Kg1 Kg6 54. Ne1 Qa4 55. Nd3 Qxa2 56. Nf4+ Kf5 57. Nxh5 Qb1+ 58. Kh2 Qb8+ 59. Kh3 Kg5 60. Ng3 Qxg3+ 61. Kxg3 a5 62. Kf3 a4 63. Ke3 a3 0-1

[Event "Late-Titled-Tuesday-Blitz-January-16-2024"]
[Site "Chess.com"]
[Date "2024.01.16"]
[Round "9"]
[White "ChessRook_E"]
[Black "vova-79"]
[Result "1/2-1/2"]
[WhiteElo "2217"]
[BlackElo "2571"]
[TimeControl "180+1"]
[EndTime "15:47:19 PST"]
[Termination "Game drawn by repetition"]

1. g3 d5 2. Bg2 c6 3. c4 Nf6 4. cxd5 cxd5 5. d4 Nc6 6. Nc3 e6 7. Bg5 Qb6 8. Nf3 Qxb2 9. Bd2 Qb6 10. Rc1 Be7 11. O-O O-O 12. Bf4 Qa5 13. Ne5 Bd7 14.
Nxd7 Nxd7 15. Qb3 Qa6 16. Rfd1 Rac8 17. e4 Ba3 18. Rb1 Nxd4 19. Rxd4 e5 20. Ra4 Rxc3 21. Rxa6 Rxb3 22. Rxb3 bxa6 23. Bxe5 Nxe5 24. Rxa3 dxe4 25. Bxe4 Re8 26. Rxa6 Re7 27. Kg2 g6 28. h4 h6 29.
Bd5 Kg7 30. Bb3 Nd3 31. Rd6 Nc5 32. Bc4 Rd7 33. Rc6 Ne4 34. Bb3 Nd6 35. Rc2 Ne8 36. Ba4 Re7 37. Rd2 Nf6 38. Bb3 Rd7 39. Re2 Rc7 40. Kh3 Rd7 41. Re3 Rc7 42. Rf3 Rd7 43. g4 g5 44. hxg5 hxg5 45. Rf5 Nh7 46. f3 f6 47. Kg3 Nf8 48. Ba4 Re7 49. Bb3 Ng6 50.
Rc5 Nf4 51. Rc2 Re2 52. Rc7+ Kh6 53. Rc2 Rxc2 54. Bxc2 Kg7 55. Bb3 Kf8 56. Kf2 Ke7 57. Ke3 Kd6 58. Ke4 Ne2 59. Kf5 Ke7 60. Ke4 Kd6 61.
Ke3 Nf4 62. Bf7 Ng2+ 63. Ke4 Nf4 64. Kf5 Ke7 65. Bb3 Ne2 66. Ke4 Nf4 67. Kf5 Ne2 1/2-1/2

[Event "Late-Titled-Tuesday-Blitz-January-16-2024"]
[Site "Chess.com"]
[Date "2024.01.16"]
[Round "9"]
[White "Bryanl106"]
[Black "RianKapriaga"]
[Result "1/2-1/2"]
[WhiteElo "2567"]
[BlackElo "2358"]
[TimeControl "180+1"]
[EndTime "15:47:19 PST"]
[Termination "Game drawn by repetition"]

1. e4 c6 2. d4 d5 3. exd5 cxd5 4. c3 Nf6 5. Bd3 Nc6 6. h3 g6 7. Nf3 Bf5 8. O-O Bg7 9. Re1 O-O 10. Bf4 a6 11. Qc2 Bxd3 12. Qxd3 b5 13. Nbd2 e6 14. b4 Nd7 15. a4 Qb6 16. Nb3 Rfd8 17. Bg5 Rdb8 18.
Bf4 Rd8 19. Nc5 Na7 20. axb5 Nxb5 21. Reb1 Qc6 22. Ra5 Nb6 23. Rba1 Nc4 24. Rxa6 Rxa6 25. Rxa6 Qe8 26. Ne5 Bxe5 27. Bxe5 Ra8 28. Rxa8 Qxa8 29.
Nd7 Qa1+ 30. Kh2 Qxc3 31. Nf6+ Kf8 32. Nxh7+ Ke7 33. Qxc3 Nxc3 34. Bf6+ Kd7 35. Ng5 Ke8 36. Be5 Na2 37. b5 Nc3 38. Bf4 Nxb5 39. Be3 Ke7 40. Nf3 f6 41. Bc1 Kf7 42. g4 Ncd6 43. h4 Ne4 44. Be3 Nbd6 45. Kg2 Kg7 46. Ne1 Kf7 47. Nd3 Nc3 48. f3 Nd1 49. Bg1 Nc3 50. Kg3 Ncb5 51. Kf4 Kg7 52. Nc5 Kf7 53. h5 gxh5 54.
gxh5 Nf5 55. Nb3 Kg7 56. Kg4 Kh6 57. Bf2 Kg7 58. Bg1 Kf7 59. Bf2 Kg7 60. Kf4 Kf7 61. Bg1 Kg7 62. Kg4 1/2-1/2

[Event "Late-Titled-Tuesday-Blitz-January-16-2024"]
[Site "Chess.com"]
[Date "2024.01.16"]
[Round "9"]
[White "AldokhinIvan"]
[Black "wanyaland"]
[Result "1-0"]
[WhiteElo "2590"]
[BlackElo "2474"]
[TimeControl "180+1"]
[EndTime "15:47:22 PST"]
[Termination "AldokhinIvan won on time"]

1. e4 c5 2. Nf3 e6 3. d4 cxd4 4. Nxd4 Nc6 5. Nc3 Qc7 6. Nxc6 bxc6 7. Bd3 d5 8. Qe2 Nf6 9. Bg5 Be7 10. O-O O-O 11. e5 Ne8 12. Bf4 Rb8 13. b3 f6 14.
exf6 Qxf4 15. fxe7 Rf7 16. Rae1 Rxe7 17. g3 Qf6 18.
Qe5 Qxe5 19. Rxe5 Nf6 20. Rfe1 g6 21. Na4 Kf7 22. Nc5 Bd7 23. Bf1 Rbe8 24. Bh3 Bc8 25. f4 a5 26. c3 Ng8 27. b4 axb4 28. cxb4 Kf6 29. a4 Nh6 30. g4 Nf7 31. g5+ Kg7 32. Nxe6+ Kg8 33. R5e2 Nd8 34. Nxd8 Rxe2 35. Rxe2 Rxd8 36.
Bxc8 Rxc8 37. Kf2 Ra8 38. Ra2 Kf7 39. Ke3 Ke6 40. Kd4 Kd6 41. a5 Ra6 42. Re2 c5+ 43.
bxc5+ Kd7 44. Kxd5 Rxa5 45. Re4 Kd8 46. Kd6 Ra1 47.
c6 Rd1+ 48. Ke6 Kc7 49. Kf6 Kxc6 50. Re7 Rd6+ 51. Re6 Kd5 52. Rxd6+ Kxd6 53. Kg7 Ke6 54. Kxh7 Kf5 55. h4 1-0

[Event "Late-Titled-Tuesday-Blitz-January-16-2024"]
[Site "Chess.com"]
[Date "2024.01.16"]
[Round "9"]
[White "mishanick"]
[Black "Sebastian"]
[Result "0-1"]
[WhiteElo "3096"]
[BlackElo "3012"]
[TimeControl "180+1"]
[EndTime "15:47:24 PST"]
[Termination "Sebastian won by resignation"]

1. d4 Nf6 2. c4 e6 3. Nc3 Bb4 4. e3 O-O 5. Bd3 c5 6. Nf3 d5 7. O-O cxd4 8. exd4 dxc4 9. Bxc4 b6 10. Qe2 Bb7 11. Rd1 h6 12. Bf4 Nc6 13. d5 exd5 14. Nxd5 Nxd5 15. Bxd5 Qf6 16. Be3 Rfd8 17. Rac1 Bf8 18. b4 Rd7 19. b5 Na5 20. Bd4 Qf5 21. Bxb7 Nxb7 22. Ne5 Re8 23. g4 Qf4 24. Qe3 Rxd4 25.
Qxd4 Qxd4 26. Rxd4 Rxe5 27. Rc7 Bc5 28. Rdd7 Nd6 29.
a4 Re4 30. Rxc5 bxc5 31. Rxd6 Rxg4+ 32. Kf1 Rxa4 33. Rc6 c4 34. Ke2 Rb4 35. Rc5 Rb3 36. h4 g6 37. f4 Kg7 38. Kd2 Rh3 39. Rxc4 Rxh4 40. Ra4 g5 41. Rxa7 Rxf4 42. Kc3 Rf1 43. Ra4 Rb1 44. Rb4 Rxb4 45. Kxb4 g4 46. b6 g3 47. b7 g2 48. b8=Q g1=Q 49. Qe5+ Kh7 50. Qe8 Qg4+ 51. Kc3 Qg7+ 52. Kd2 Qf6 53. Qd7 h5 54. Qd3+ Kh6 55. Qd7 h4 56. Qc8 Kg5 57. Qg8+ Kf4 58. Ke2 Qe5+ 59. Kf1 Qb5+ 60. Kf2 Qc5+ 61.
Kf1 Qc4+ 62. Kf2 Qd4+ 63. Ke2 Qe3+ 64. Kf1 Qf3+ 65. Kg1 Qg3+ 66. Kh1 0-1

[Event "Late-Titled-Tuesday-Blitz-January-16-2024"]
[Site "Chess.com"]
[Date "2024.01.16"]
[Round "9"]
[White "yaguigor"]
[Black "RobertoJBM"]
[Result "0-1"]
[WhiteElo "2630"]
[BlackElo "2803"]
[TimeControl "180+1"]
[EndTime "15:47:24 PST"]
[Termination "RobertoJBM won on time"]

1. e4 c6 2. d4 d5 3. e5 Bf5 4. Nf3 e6 5. Be2 Nd7 6. O-O Bg6 7. Nbd2 Nh6 8. Nb3 Nf5 9. a4 Be7 10. a5 O-O 11. g4 Nh4 12. Nxh4 Bxh4 13. f4 f5 14. g5 h6 15. gxh6 gxh6 16. Kh1 Kh7 17. Bh5 Rg8 18. Be3 Qe8 19. Bxg6+ Qxg6 20. Rg1 Qf7 21.
Qf3 Be7 22. c3 Rxg1+ 23. Rxg1 Rg8 24. Rxg8 Qxg8 25. Qh5 Qg6 26. Qxg6+ Kxg6 27. Nd2 Bd8 28. b4 b6 29. axb6 Nxb6 30. Nb3 Nc4 31. Bc1 Bb6 32. Kg2 Kh5 33. Kg3 a6 34. h3 Kg6 35. Kf3 Kf7 36. Nd2 Nxd2+ 37. Bxd2 Ke8 38. Ke2 Bd8 39. Be1 Kd7 40. Kd3 Kc7 41. c4 Kb6 42. Kc3 Be7 43. Kb3 h5 44. Kc3 a5 45. bxa5+ Kxa5 46. Kb3+ Kb6 47.
cxd5 cxd5 48. Ka4 Kc6 49. Kb3 Kb5 50. Bd2 Bh4 51. Be3 Be1 52. Bc1 Bf2 53. Kc3 Ka4 54. Kd3 Kb3 55. Bd2 Bh4 56. Ba5 Be7 57. Bb6 Ba3 58.
Bc5 Bc1 59. Bb6 Bxf4 60. Bc5 Bc1 61. Bb6 Ba3 62. Ba5 Bb4 63. Bb6 Kb2 64. Bc5 Ba5 65. Ba7 Kc1 66. Ke3 Kc2 67. Bc5 Bd2+ 68. Ke2 Kc3 69. Ba7 Bg5 70. Bc5 Kc4 71. Ba7 Bf4 72.
Bb6 Bc1 73. Ba7 Bb2 0-1

[Event "Late-Titled-Tuesday-Blitz-January-16-2024"]
[Site "Chess.com"]
[Date "2024.01.16"]
[Round "9"]
[White "Hrant_ChessMood"]
[Black "Hikaru"]
[Result "0-1"]
[WhiteElo "2906"]
[BlackElo "3224"]
[TimeControl "180+1"]
[EndTime "15:47:25 PST"]
[Termination "Hikaru won by resignation"]

1. d4 Nf6 2. c4 b6 3. f3 Nc6 4. d5 Ne5 5. e4 e6 6. Be3 Bc5 7. Qd2 O-O 8. Nh3 Re8 9. Bxc5 bxc5 10.
Nf2 Ba6 11. Na3 d6 12. Be2 exd5 13. cxd5 Bxe2 14. Kxe2 c6 15. dxc6 Qb6 16. Rhc1 Qa6+ 17. Ke1 d5 18. Qe2 Qxc6 19. Kf1 dxe4 20. fxe4 Rab8 21. Nc4 Ng6 22. Re1 h5 23. Kg1 h4 24.
b3 Re6 25. e5 Rbe8 26. Nd3 Nd7 27. Qe4 Qc7 28. Rad1 h3 29. Nd6 Qxd6 30. Nf4 Qe7 31. Nxe6 Qxe6 32. Qd5 Ndxe5 33. Qxe6 Rxe6 34. Kh1 Nf4 35. gxh3 Nxh3 36. Rd2 f6 37. Rc2 Rd6 38. Re3 Nf4 39.
h3 Kh7 40. Kh2 g5 41. Rg3 Kg6 42. Rf2 Kh5 43. Re3 Rd4 44. Rc2 a5 45. Rec3 a4 46.
Rf2 axb3 47. axb3 c4 48. bxc4 Nxc4 49. Rb3 Ne5 50. Rb8 Rd3 51. Rh8+ Kg6 52. Ra2 Nf3+ 53. Kg3 Nh4+ 54. Kf2 Nxh3+ 55. Kf1 Nf4 56. Rg8+ Kf5 57. Ra5+ Kg4 58. Kf2 Nf3 59. Ra2 Ne5 60. Re8 Rh3 61. Kg1 Nf3+ 62. Kf1 Rh1+ 63. Kf2 Rh2+ 0-1

[Event "Late-Titled-Tuesday-Blitz-January-16-2024"]
[Site "Chess.com"]
[Date "2024.01.16"]
[Round "9"]
[White "djano"]
[Black "JSPrepz"]
[Result "1-0"]
[WhiteElo "2651"]
[BlackElo "2852"]
[TimeControl "180+1"]
[EndTime "15:47:25 PST"]
[Termination "djano won by resignation"]

1. e4 e5 2. Nf3 Nc6 3. Bc4 Nf6 4. d4 exd4 5. Ng5 d5 6. exd5 Ne5 7. Qxd4 Nxc4 8. Qxc4 Qxd5 9. Qe2+ Be7 10. O-O Bf5 11.
Nc3 Qc6 12. Bf4 h6 13. Rfe1 O-O 14. Qxe7 hxg5 15. Bxg5 Rfe8 16. Qb4 Bxc2 17. Bxf6 Qxf6 18. Qxb7 Qb6 19. Qxb6 axb6 20. Rxe8+ Rxe8 21. f3 Rd8 22. Re1 Bf5 23. Rd1 Ra8 24. Kf2 Be6 25. a3 Kf8 26. Nb5 Rc8 27. Nd4 Bd7 28. Rd2 c5 29. Nc2 Be6 30.
b4 c4 31. Nd4 Bd7 32. Ne2 Bf5 33. Nc3 Bd3 34. h4 Re8 35. g4 Re6 36. h5 Ke7 37.
Nd5+ Kf8 38. Nf4 Rd6 39. Nxd3 c3 40. Rc2 Rxd3 41. Ke2 Rd7 42. Rxc3 Ra7 43. Kd3 b5 44. Kd4 Ke7 45. Kd5 Kd7 46. g5 Ra6 47. f4 Rd6+ 48.
Ke4 Ra6 49. Rd3+ Ke7 50. f5 Rc6 51. Rd5 Rc3 52. Rxb5 Rxa3 53. Rb7+ Ke8 54. h6 gxh6 55. gxh6 Rh3 56. Rb6 Ke7 57. b5 Rh1 58. Rc6 Kd7 59.
Rf6 Ke7 60. Ra6 Kd7 61. Ke5 Ke7 62. Ra7+ Ke8 63. b6 Rxh6 64. b7 Rb6 65. Ra8+ Ke7 66. b8=Q f6+ 67. Ke4 1-0

[Event "Late-Titled-Tuesday-Blitz-January-16-2024"]
[Site "Chess.com"]
[Date "2024.01.16"]
[Round "9"]
[White "Angry_Twin"]
[Black "BardArtem"]
[Result "1-0"]
[WhiteElo "2976"]
[BlackElo "2811"]
[TimeControl "180+1"]
[EndTime "15:47:27 PST"]
[Termination "Angry_Twin won on time"]

1. e4 c5 2. Nf3 d6 3. Bb5+ Bd7 4. Bxd7+ Qxd7 5. c4 Nc6 6. d4 cxd4 7. Nxd4 Nf6 8. Nc3 g6 9. f3 Bg7 10. Be3 O-O 11. Rc1 Rfc8 12. b3 Ne8 13. O-O Nc7 14.
Qd2 Ne6 15. Nde2 Rf8 16. Rfd1 f5 17. c5 Rad8 18. cxd6 exd6 19. exf5 Rxf5 20. Ng3 Rff8 21. Nd5 Kh8 22. Ne4 Ne5 23. Qe2 Rc8 24. Bxa7 Rxc1 25. Rxc1 b6 26. Bxb6 Qb7 27. Rd1 Nf4 28. Qb5 Nxd5 29. Rxd5 Qc8 30. Be3 Qc2 31. Rd2 Qc1+ 32.
Qf1 Qc6 33. Rxd6 Qc2 34. Rd2 Qc7 35. Qe2 Qc1+ 36. Rd1 Qc8 37. h3 Nxf3+ 38. gxf3 Qxh3 39. Qg2 Qh5 40. Qg4 Qb5 41. Rd2 Qa5 42. Kg2 Qa6 43.
Nc5 Qc6 44. Ne6 Re8 45. Rd8 Rxd8 46. Nxd8 Qc2+ 47. Bf2 Qxa2 48. Nf7+ Kg8 49. Qe6 h6 50. Nxh6+ Kh7 51. Ng4 Qb2 52. Qd5 Qc3 53. Be3 Qb2+ 54. Kg3 Qc3 55. Qe6 Qe1+ 56. Kg2 Qe2+ 57. Nf2 Qb2 58. Qd5 Qc2 59. Qc4 Qf5 60. Qh4+ Kg8 61. Qg4 Qf7 62. Qc4 Kf8 63. Qxf7+ Kxf7 64. Ne4 Ke6 65. Kg3 Kd5 66. Kg4 1-0